 Dungeon Crawl Stone Soup version 0.32-a0-519-g08f29ac1c3 (webtiles) character file.

Game seed: 8953329630165646091

81447 Skimidon the Marksvine stalker (level 15, -4/79 HPs)
             Began as a Vine Stalker Wanderer on Feb 29, 2024.
             Was the Champion of Okawaru.
             Slain by a +0 vampiric demon trident (15 damage)
             ... on level 12 of the Dungeon.
             The game lasted 00:34:24 (16466 turns).

Skimidon the Marksvine stalker (VSWn)              Turns: 16466, Time: 00:34:25

Health: -4/79      AC: 15    Str: 12    XL:     15   Next: 36%
Magic:  0/22       EV: 19    Int: 14    God:    Okawaru [******]
Gold:   1837       SH:  9    Dex: 33    Spells: 10/16 levels left

rFire   + . .        a - +11 sling "Juomankyto" {flame, *Slow rPois Will+ Dex+3}
rCold   + . .        j - +0 buckler
rNeg    . . .        G - +1 troll leather armour {Snorg}
rPois   +            F - +0 helmet
rElec   .            C - scarf {rC+ rF+}
rCorr   .            y - +2 pair of gloves of the Eight Boll Weevils {Int+2}
SInv    .            V - +1 pair of boots
Will    ++...        h - amulet of the acrobat
Stlth   ++++         g - +6 ring of dexterity
HPRegen 1.93/turn    m - +4 ring of protection
MPRegen 0.18/turn

%: slow self (1%), acrobat, guardian spirit
@: about to teleport
A: fangs 3, regeneration 1, magic shield, antimagic bite, no potion heal 2
a: Renounce Religion, Heroism, Finesse, Duel, Receive Weapon, Receive Armour


You were on level 12 of the Dungeon.
You worshipped Okawaru.
Okawaru was exalted by your worship.
You visited 3 branches of the dungeon, and saw 20 of its levels.
You also visited: Bailey and Gauntlet.

You collected 2224 gold pieces.
You spent 387 gold pieces at shops.

Inventory:

Hand Weapons
 a - the +11 sling "Juomankyto" (weapon) {flame, *Slow rPois Will+ Dex+3}
   (You found it on level 4 of the Dungeon)

   Dex+3:     It affects your dexterity (+3).
   rPois:     It protects you from poison Will+: It increases your willpower.
   *Slow:     It may slow you when you take damage.
 s - a +0 rapier
Missiles
 K - 7 curare-tipped darts
Armour
 j - a +0 buckler (worn)
 y - the +2 pair of gloves of the Eight Boll Weevils (worn) {Int+2}
   (You found it on level 7 of the Dungeon)

   Int+2:     It affects your intelligence (+2).
 C - a scarf of resistance (worn)
 F - a +0 helmet (worn)
 G - a +1 troll leather armour (worn) {Snorg}
 V - a +1 pair of boots (worn)
Jewellery
 g - a +6 ring of dexterity (left hand)
 h - an amulet of the acrobat (around neck)
 m - a +4 ring of protection (right hand)
 Q - a ring of resist corrosion
 U - a ring of protection from fire
Wands
 i - a wand of paralysis (16)
 z - a wand of flame (63)
 E - a wand of roots (14)
 I - a wand of acid (8)
Scrolls
 d - 4 scrolls of fog
 e - 2 scrolls of fear
 l - 11 scrolls of enchant weapon
 p - 2 scrolls of amnesia
 q - 5 scrolls of silence
 t - a scroll of identify
 v - 8 scrolls of enchant armour
 x - 6 scrolls of teleportation
 J - a scroll of torment
 L - 2 scrolls of vulnerability
 M - a scroll of immolation {unknown}
 N - a scroll of blinking
 R - a scroll of revelation
Potions
 b - 3 potions of cancellation
 c - a potion of ambrosia {unknown}
 f - 2 potions of resistance
 k - 11 potions of curing
 n - 7 potions of magic
 o - 3 potions of berserk rage {unknown}
 u - 3 potions of might {unknown}
 w - 5 potions of mutation {unknown}
 A - a potion of brilliance {unknown}
 B - 5 potions of heal wounds
 D - 4 potions of haste
 H - 3 potions of enlightenment
 O - a potion of attraction {unknown}
 P - a potion of invisibility {unknown}
Miscellaneous
 S - a phial of floods (inert)
 T - a condenser vane (inert)


   Skills:
 * Level 9.1 Fighting
 - Level 3.1 Short Blades
 * Level 17.4 Ranged Weapons
 + Level 3.9 Armour
 + Level 7.3 Dodging
 - Level 6.0 Stealth
 + Level 8.6 Shields
 - Level 1.1 Spellcasting
 - Level 2.0 Summonings
 + Level 8.3 Invocations
 - Level 1.0 Evocations


You had 10 spell levels left.
You knew the following spells:

 Your Spells              Type           Power      Damage    Failure   Level
a - Summon Small Mammal   Summ           24%        N/A       19%         1
b - Borgnjor's Vile Clut  Necr/Erth      0%         N/A       100%        5

Your spell library contained the following spells:

 Spells                   Type           Power      Damage    Failure   Level
 Apportation              Tloc           0%         N/A       38%         1
 Necrotise                Necr           0%         1d4       38%         1
 Sandblast                Erth           0%         2d4       38%         1
 Slow                     Hex            0%         N/A       38%         1
 Sting                    Conj/Alch      0%         1d3       38%         1
 Jinxbite                 Hex            0%         N/A       54%         2
 Sublimation of Blood     Necr           0%         N/A       54%         2
 Confusing Touch          Hex            0%         N/A       77%         3
 Passwall                 Erth           0%         N/A       77%         3
 Sigil of Binding         Hex            0%         N/A       77%         3
 Stone Arrow              Conj/Erth      0%         3d7       77%         3
 Vampiric Draining        Necr           0%         2d6       77%         3
 Brom's Barrelling Bould  Conj/Erth      0%         2d3       99%         4
 Petrify                  Alch/Erth      0%         N/A       99%         4
 Alistair's Intoxication  Alch           0%         N/A       100%        5
 Curse of Agony           Necr           0%         N/A       100%        5
 Irradiate                Conj/Alch      0%         3d11      100%        5
 Eringya's Noxious Bog    Alch           0%         4d6       100%        6
 Call Canine Familiar     Summ           Unusable   N/A       N/A         3
 Martyr's Knell           Necr/Summ      Unusable   N/A       N/A         4
 Animate Dead             Necr           Unusable   N/A       N/A         4
 Summon Forest            Summ/Tloc      Unusable   N/A       N/A         5
 Death Channel            Necr           Unusable   N/A       N/A         6
 Summon Hydra             Summ           Unusable   N/A       N/A         7

Dungeon Overview and Level Annotations

Branches:
Dungeon (13/15) Zot: 26537  Temple (0/1) D:7            Lair (5/5) D:9 Zot: 23125
  Swamp (0/4) Lair:2        Snake (0/4) Lair:3        Slime (0/5) Lair:4
    Orc (2/2) D:9 Zot: 10520     Elf (0/3) Orc:2        Bailey (visited)
Gauntlet (visited)
 Vaults: D:13-14

Altars:
Ashenzari
Fedhas
Gozag
Hepliaklqana
Makhleb
Okawaru
Ru
Trog
Vehumet
Zin
Beogh
Jiyva

Shops:
D:4 (   D:6 *   D:9 (   Orc:1 *   Orc:2 =[(*

Annotations:
D:2 1 runed translucent door, Crazy Yiuf
D:6 1 runed translucent door, Fay's ghost, novice MiBe


Innate Abilities, Weirdness & Mutations

You have razor-sharp teeth.
Your natural rate of healing is unusually fast.
When hurt, damage is shared between your health and your magic reserves.
Your bite disrupts and absorbs the magic of your enemies.
Potions cannot restore your health.


Message History

You regained 2 hp, and now have 59/79 hp.
You shoot a sling bullet.
The sling bullet closely misses the +1 demon whip of pain.
The +1 demon whip of pain misses you.
The +0 vampiric demon trident completely misses you.
You block the +1 demon whip of pain's attack.
You shoot a sling bullet.
The sling bullet closely misses the +1 demon whip of pain.
The +0 vampiric demon trident hits you from afar!
The +1 demon whip of pain hits you!
You take 15 damage, and have 45/79 hp.
You now have 12/22 mp.
You shoot a sling bullet.
The sling bullet barely misses the +1 demon whip of pain.
The +0 vampiric demon trident closely misses you.
The +1 demon whip of pain hits you!
The +0 vampiric demon trident misses you.
The +1 demon whip of pain barely misses you.
You take 5 damage, and have 40/79 hp.
You now have 11/22 mp.
The +0 vampiric demon trident attacks as it pursues you!
The +0 vampiric demon trident closely misses you.
The +1 demon whip of pain completely misses you.
You regained 2 hp, and now have 42/79 hp.
Fire: a) +11 sling "Juomankyto" {flame, *Slow rPois Will+ Dex+3}
Press: ? - help, Q - select action, (/) - cycle Shift-Dir - straight line, f/p - +1 demon whip of pain
Aim: a +1 demon whip of pain (62% to hit)
You shoot a sling bullet.
The sling bullet hits the +1 demon whip of pain but does no damage.
The +0 vampiric demon trident hits you from afar!
* * * LOW HITPOINT WARNING * * *
The +1 demon whip of pain hits you!!
* * * LOW HITPOINT WARNING * * *
You block the +0 vampiric demon trident's attack.
You take 21 damage, and have 21/79 hp.
MASSIVE DAMAGE!!
You now have 6/22 mp.
As you read the scroll of teleportation, it crumbles to dust.
You feel strangely unstable. The +1 demon whip of pain hits you!
* * * LOW HITPOINT WARNING * * *
You block the +0 vampiric demon trident's attack.
The +1 demon whip of pain hits you but does no damage.
The +0 vampiric demon trident hits you from afar!!
You die...

####.....#.....
##..............
#.......##......
##..#............
##................
#..####...........
#.## ##....÷.....
#.# #######.......
#@##..... #.......
#(#...... ##......
#(#...... ###.##..
#('...⌠.. #...##..
###...... #.......
#...... #.......
#..... #....^..
#######.......
#.....##....


You could see 3 dancing weapons.

Vanquished Creatures
  Saint Roka (Arena)
  2 dire elephants (Lair:5)
  A minotaur (Gauntlet)
  Snorg (D:11)
  3 hydras (Lair:5)
  A catoblepas (Lair:4)
  An ogre mage (Orc:2)
  A centaur warrior (D:11)
  6 two-headed ogres
  2 death yaks (Lair:5)
  Urug (D:11)
  An orc high priest (Orc:2)
  Nergalle (Lair:3)
  A skyshark (Lair:2)
  A spectral death yak (Lair:5)
  2 spriggan druids (Lair:2)
  A spectral anaconda (Lair:5)
  An obsidian statue (Lair:5)
  4 lindwurms (Lair:2)
  3 necromancers (Lair:5)
  Pikel (D:5)
  6 orc knights
  3 orc sorcerers (Orc:2)
  2 ugly things
  A cyclops (D:13)
  A salamander (shapeshifter) (D:12)
  6 elephants (Lair:5)
  A rust devil (Gauntlet)
  A dire elephant zombie (Lair:5)
  3 black mambas
  5 kobold blastminers
  A torpor snail (Lair:1)
  An unseen horror (D:11)
  11 cane toads
  A gargoyle (D:10)
  10 komodo dragons
  Jeremiah (D:7)
  A kobold demonologist (D:12)
  A rime drake (Lair:4)
  An efreet (Gauntlet)
  10 trolls
  3 red devils (Orc:2)
  4 polar bears
  2 hornets
  A raiju (Gauntlet)
  13 blink frogs
  12 slime creatures (D:12)
  A spectral elephant (Lair:5)
  9 dream sheep
  A ynoxinul (Gauntlet)
  A vampire (D:12)
  3 spriggans (Lair:3)
  5 wyverns
  38 yaks
  3 wraiths
  A fire elemental (Gauntlet)
  2 wargs (Orc:2)
  3 steam dragons
  Grum (D:11)
  A basilisk (Lair:2)
  A death yak simulacrum (Lair:5)
  4 nagas (Lair:3)
  A spectral cane toad (Lair:5)
  An acid dragon (D:11)
  2 hell hounds (Gauntlet)
  11 water moccasins
  2 sky beasts
  27 orc warriors
  7 black bears
  An elephant zombie (Lair:5)
  2 ice beasts
  23 wolves
  An elephant skeleton (Lair:5)
  9 ogres
  9 centaurs
  2 lemures
  7 kobold brigands
  Blork the orc (D:6)
  11 bullfrogs
  A gnoll sergeant (D:8)
  2 scorpions
  A cane toad simulacrum (Lair:5)
  4 wights (D:6)
  2 elephant simulacra (Lair:5)
  A howler monkey (D:10)
  5 electric eels
  5 hounds
  A bombardier beetle (D:5)
  22 orc priests
  2 iron imps (Gauntlet)
  A jelly (D:6)
  3 sleepcaps
  Jessica (D:2)
  3 iguanas
  24 orc wizards
  4 hell rats (Lair:4)
  4 gnolls (D:8)
  6 adders
  2 white imps
  2 ufetubi (D:5)
  A ribbon worm (D:4)
  A dart slug (D:1)
  98 orcs
  6 bats
  5 endoplasms
  A giant cockroach (D:1)
  11 goblins
  4 hobgoblins
  5 jackals
  6 ball pythons
  3 frilled lizards
  32 kobolds
  7 rats
605 creatures vanquished.

Vanquished Creatures (others)
  An arcanist (D:10)
  An orc (D:8)
2 creatures vanquished.

Grand Total: 607 creatures vanquished

Notes
Turn   | Place    | Note
-------+----------+-------------------------------------------
     0 | D:1      | Skimidon the Vine Stalker Wanderer began the quest for the
                  | Orb.
     0 | D:1      | Skimidon set off with the following items: a +0 dagger, an
                  | atropa-tipped dart, 2 datura-tipped darts, 2 scrolls of
                  | fog, a +0 robe; and the following spell memorised: Summon
                  | Small Mammal; and the following spells available to
                  | memorise: Call Canine Familiar.
     0 | D:1      | Reached XP level 1. HP: 10/10 MP: 3/3
   297 | D:1      | Reached XP level 2. HP: 14/14 MP: 4/4
   313 | D:1      | Reached skill level 1 in Short Blades
   731 | D:2      | Noticed Jessica
   736 | D:2      | Killed Jessica
   737 | D:2      | Reached XP level 3. HP: 18/18 MP: 5/5
   990 | D:2      | Reached skill level 1 in Shields
  1111 | D:2      | Found a runed translucent door.
  1112 | D:2      | Noticed Crazy Yiuf
  1630 | D:3      | Reached XP level 4. HP: 23/23 MP: 4/6
  1861 | D:3      | HP: 1/23 [orc priest/divine providence (13)]
  1866 | D:3      | HP: 1/23 [orc/+0 war axe (2)]
  2340 | D:4      | Identified the +1 leather armour "Kivizu" {+Inv}
  2392 | D:4      | Reached XP level 5. HP: 27/27 MP: 7/7
  2495 | D:4      | Identified the +11 sling "Juomankyto" {flame, *Slow rPois
                  | Will+ Dex+3}
  2645 | D:4      | Found a radiant altar of Vehumet.
  2740 | D:4      | Found Watis's Weapon Shop.
  3045 | D:5      | Entered Level 5 of the Dungeon
  3047 | D:5      | Reached skill level 1 in Ranged Weapons
  3052 | D:5      | Noticed a lemure
  3053 | D:5      | Noticed a lemure
  3054 | D:5      | Noticed Pikel
  3054 | D:5      | Noticed a lemure
  3064 | D:4      | Killed a lemure
  3200 | D:5      | Reached XP level 6. HP: 32/32 MP: 8/8
  3210 | D:5      | Reached skill level 2 in Ranged Weapons
  3347 | D:5      | Reached skill level 3 in Ranged Weapons
  3409 | D:5      | Killed Pikel
  3410 | D:5      | Reached skill level 5 in Ranged Weapons
  3410 | D:5      | Reached XP level 7. HP: 31/35 MP: 6/9
  3447 | D:5      | Found an iron altar of Okawaru.
  3459 | D:5      | Reached skill level 6 in Ranged Weapons
  3483 | D:5      | Gained mutation: You have razor-sharp teeth. [Vine Stalker
                  | growth]
  3483 | D:5      | Reached XP level 8. HP: 39/39 MP: 10/10
  3484 | D:5      | Became a worshipper of Warmaster Okawaru
  3487 | D:5      | Found a sacrificial altar of Ru.
  3849 | D:5      | Found a hazy altar of Hepliaklqana.
  4032 | D:6      | Noticed Fay's ghost (novice MiBe)
  4037 | D:6      | Found a runed translucent door.
  4059 | D:6      | Reached skill level 7 in Ranged Weapons
  4173 | D:6      | Learned a level 5 spell: Borgnjor's Vile Clutch
  4232 | D:6      | Reached * piety under Okawaru
  4240 | D:6      | Found Itiku's Elemental Accessories.
  4266 | D:6      | Reached skill level 8 in Ranged Weapons
  4516 | D:6      | Noticed Blork the orc
  4518 | D:6      | Killed Blork the orc
  4519 | D:6      | Reached XP level 9. HP: 43/43 MP: 11/11
  4593 | D:6      | Found a broken altar of Ashenzari.
  4702 | D:7      | Found a staircase to the Ecumenical Temple.
  4814 | D:7      | Noticed Jeremiah
  4822 | D:7      | Killed Jeremiah
  4823 | D:7      | Reached skill level 9 in Ranged Weapons
  4823 | D:7      | Reached skill level 1 in Invocations
  5089 | D:7      | Reached ** piety under Okawaru
  5310 | D:7      | Reached skill level 10 in Ranged Weapons
  5402 | D:7      | Identified the +2 pair of gloves of the Eight Boll Weevils
                  | {Int+2}
  5428 | D:7      | Found an opulent altar of Gozag.
  5428 | D:7      | Found a faded altar of an unknown god.
  5435 | D:7      | Found a faded altar of an unknown god.
  5437 | D:7      | Found a glowing silver altar of Zin.
  5439 | D:7      | Found a blossoming altar of Fedhas.
  6015 | D:8      | Reached *** piety under Okawaru
  6016 | D:8      | Reached skill level 11 in Ranged Weapons
  6105 | D:9      | Noticed a hornet
  6108 | D:9      | Killed a hornet
  6109 | D:9      | Reached XP level 10. HP: 47/47 MP: 12/12
  6249 | D:9      | Reached skill level 12 in Ranged Weapons
  6365 | D:9      | Found a staircase to the Lair.
  6615 | D:9      | Reached **** piety under Okawaru
  6677 | D:9      | Found a staircase to the Orcish Mines.
  7032 | D:9      | Found Eluraned's Weapon Boutique.
  7083 | D:10     | Entered Level 10 of the Dungeon
  7168 | D:10     | Reached skill level 13 in Ranged Weapons
  7290 | D:10     | Found a flagged portal.
  7302 | Bailey   | Entered a bailey
  7409 | Bailey   | Noticed an orc knight
  7419 | Bailey   | Killed an orc knight
  7422 | Bailey   | Reached ***** piety under Okawaru
  7454 | Bailey   | Noticed an orc knight
  7467 | Bailey   | Killed an orc knight
  7468 | Bailey   | Reached XP level 11. HP: 51/51 MP: 11/13
  7517 | D:10     | Found a bloodstained altar of Trog.
  7518 | D:10     | Noticed a wizard
  7523 | D:10     | Killed a wizard
  7635 | D:10     | Noticed a two-headed ogre
  7640 | D:10     | Killed a two-headed ogre
  7641 | D:10     | Reached skill level 14 in Ranged Weapons
  8119 | D:11     | Noticed Snorg
  8149 | D:11     | Noticed a centaur warrior
  8149 | D:11     | Noticed a two-headed ogre
  8229 | D:11     | Killed Snorg
  8229 | D:11     | Received a gift from Okawaru
  8482 | D:11     | Killed a centaur warrior
  8483 | D:11     | Reached skill level 1 in Armour
  8483 | D:11     | Reached skill level 1 in Dodging
  8506 | D:11     | Killed a two-headed ogre
  8507 | D:11     | Noticed Grum
  8526 | D:11     | Killed Grum
  8554 | D:11     | Received a gift from Okawaru
  8589 | D:11     | Noticed Urug
  8596 | D:11     | Killed Urug
  8596 | D:11     | Reached ****** piety under Okawaru
  8597 | D:11     | Reached XP level 12. HP: 58/58 MP: 15/15
  8838 | D:12     | Received a gift from Okawaru
  9011 | D:12     | Reached skill level 5 in Shields
  9034 | D:12     | Reached skill level 5 in Fighting
  9171 | D:12     | Found a runed translucent door.
  9361 | D:12     | Noticed a +1 demon whip of pain
  9604 | Lair:1   | Entered Level 1 of the Lair of Beasts
  9644 | Lair:1   | Reached skill level 15 in Ranged Weapons
  9651 | Lair:1   | Received a gift from Okawaru
  9960 | Lair:1   | Received a gift from Okawaru
  9993 | Lair:2   | Reached skill level 5 in Invocations
  9993 | Lair:2   | Reached XP level 13. HP: 65/65 MP: 17/17
 10229 | Lair:5   | Entered Level 5 of the Lair of Beasts
 10234 | Lair:5   | Reached skill level 5 in Dodging
 10237 | Lair:5   | Found a gate leading to a gauntlet.
 10252 | Gauntlet | Entered a Gauntlet
 10252 | Gauntlet | Found a transporter.
 10252 | Gauntlet | Found a transporter.
 10270 | Gauntlet | Found a transporter.
 10271 | Gauntlet | Found a transporter.
 10274 | Gauntlet | Found a transporter.
 10274 | Gauntlet | Found a transporter.
 10305 | Gauntlet | Found a transporter.
 10308 | Gauntlet | Found a transporter.
 10316 | Gauntlet | Found a transporter.
 10333 | Gauntlet | Found a transporter.
 10348 | Gauntlet | Found a transporter.
 10352 | Gauntlet | Found a transporter.
 10418 | Gauntlet | Identified the +1 pair of gloves "Ginashio" {Harm rC-
                  | Int+7}
 10521 | Gauntlet | Received a gift from Okawaru
 10621 | Gauntlet | Identified the +1 whip "Conservator" {freeze, rC- Str+2
                  | Int+3}
 10621 | Gauntlet | Noticed a minotaur
 10639 | Gauntlet | Killed a minotaur
 10893 | Lair:5   | Received a gift from Okawaru
 10995 | Lair:5   | Reached skill level 16 in Ranged Weapons
 11166 | Lair:5   | Noticed a dire elephant
 11171 | Lair:5   | Noticed a dire elephant
 11268 | Lair:5   | Identified the +0 chain mail "Perriowo" {Str+3}
 11408 | Lair:5   | Received a gift from Okawaru
 11511 | Lair:5   | Reached XP level 14. HP: 66/72 MP: 15/19
 11535 | Lair:5   | Killed a dire elephant
 11716 | Lair:5   | Killed a dire elephant
 11746 | Lair:5   | Got an earthy gem with 2096 turns to spare
 12262 | Lair:4   | Found a viscous altar of Jiyva.
 12262 | Lair:4   | Found a staircase to the Slime Pits.
 12433 | Lair:4   | Received a gift from Okawaru
 12610 | Lair:3   | Found a staircase to the Snake Pit.
 12826 | Lair:3   | Noticed Nergalle
 12848 | Lair:3   | Killed Nergalle
 13491 | Lair:2   | Received a gift from Okawaru
 13666 | Lair:2   | Identified the +6 war axe of Comy {spect, +Blink rF+ Int+3}
 13892 | Lair:2   | Found a staircase to the Swamp.
 14078 | Lair:2   | Reached skill level 17 in Ranged Weapons
 14683 | Orc:1    | Entered Level 1 of the Orcish Mines
 14763 | Orc:1    | Received a gift from Okawaru
 14847 | Orc:1    | Found Ypna Faf's Overcharged Wands.
 15126 | Orc:2    | Entered Level 2 of the Orcish Mines
 15126 | Orc:2    | Found a burning altar of Makhleb.
 15233 | Orc:2    | Reached XP level 15. HP: 60/78 MP: 10/22
 15532 | Orc:2    | Received a gift from Okawaru
 15642 | Orc:2    | Noticed Saint Roka
 15885 | Arena    | Entered the Arena
 15900 | Arena    | Killed Saint Roka
 15900 | Arena    | Received a gift from Okawaru
 15925 | Orc:2    | Found a roughly hewn altar of Beogh.
 15935 | Orc:2    | Found Awneimoxt's Jewellery Shop.
 15952 | Orc:2    | Found Ilosho's Antique Weapon Shop.
 16019 | Orc:2    | Found a staircase to the Elven Halls.
 16059 | Orc:2    | Found Jeuski Soenk's General Store.
 16065 | Orc:2    | Bought a scroll of blinking for 97 gold pieces
 16065 | Orc:2    | Bought a scroll of fear for 52 gold pieces
 16074 | Orc:2    | Found Ykunar Suco's Antique Armour Shop.
 16081 | Orc:2    | Bought a heavily runed leather armour for 238 gold pieces
 16081 | Orc:2    | Identified the +0 leather armour of Tenacity {MP+9} (You
                  | bought it in a shop on level 2 of the Orcish Mines)
 16466 | D:12     | Slain by a +0 vampiric demon trident

Illustrated notes

Levels and vault maps discovered:
D:1:      matt_arrival_los_fun, layout_loops_ring, chequers_serial_rivers_room_a
D:2:      layout_basic, lightli_corner_chamber, uniq_jessica,
          uniq_crazy_yiuf_cottage
D:3:      layout_loops_ring, minmay_misc_feat_pillars
D:4:      layout_loops_ring, vehumet_altar_wand_db, serial_shops,
          nicolae_shop_window_shopping, st_stairs_6
D:5:      layout_loops_ring, nicolae_hepliaklqana_hippocampus,
          mainiacjoe_overflow_large_starburst, uniq_pikel
D:6:      layout_loops_cross, kennysheep_mini, hellmonk_ghost_happy_afterlife,
          nicolae_elemental_shop, uniq_blork_the_orc
D:7:      layout_loops_corners, chequers_temple_overflow_minitemple,
          minmay_temple_entry_proselytizer, uniq_jeremiah
D:8:      layout_rooms
D:9:      layout_loops_corners, erik_lair_island, hiddenorc1_lemuel,
          serial_shops, kennysheep_mini_moat
D:10:     layout_gridville, trog_wizard, enter_bailey_5
D:11:     layout_rooms, uniq_snorg, uniq_urug, uniq_grum
D:12:     layout_cave_pools, serial_park, serial_park_square2,
          serial_park_avenue1, serial_park_gazebo [serial_park_minivault_5x5_5],
          nicolae_danse_macabre
D:13:     layout_basic, hellmonk_vaults_attempted_burglary
Lair:1:   layout_gridlike
Lair:2:   beast_lair_carwin_large_1, layout_regular_city,
          mainiacjoe_swamp_entry_angry_trees, minmay_lindwurm_lava
Lair:3:   layout_long_grid, minmay_snake_entry_guardpost_small, wad_woods_02,
          serial_bayou_shore_a, uniq_nergalle
Lair:4:   layout_cave_pods, dpeg_slime_entry_enclosed
Lair:5:   due_jungle_book, layout_misc_corridors, gauntlet_entry_generic,
          grunt_megastairs_1, infiniplex_staircase_pool
Orc:1:    layout_caves, nicolae_shop_overcharged_wands
Orc:2:    grunt_orc_cross, layout_caves, basic_altar,
          einodemon_armed_red_devil_minivault

Skill      XL: |  1  2  3  4  5  6  7  8  9 10 11 12 13 14 15 |
---------------+----------------------------------------------+-----
Short Blades   | 1 2 3 |  3.1
Shields        | 1 3 4 6 7 8 |  8.6
Fighting       | 2 4 5 7 8 9 |  9.1
Ranged Weapons | 1 5 6 8 11 13 14 15 16 17 | 17.4
Invocations    | 1 3 5 6 8 |  8.3
Armour         | 2 3 |  3.9
Dodging        | 2 4 5 7 |  7.3
Stealth        | |  6.0
Spellcasting   | |  1.1
Summonings     | |  2.0
Evocations     | |  1.0

Action                     |  1- 3 |  4- 6 |  7- 9 | 10-12 | 13-15 || total
---------------------------+-------+-------+-------+-------+-------++-------
  Melee: Dagger            |     6 |       |       |       |       ||     6
         Rapier            |    29 |    54 |       |       |       ||    83
         Bite              |     1 |     8 |       |       |       ||     9
   Fire: Sling             |       |    42 |   162 |   584 |  1109 ||  1897
  Throw: Dart              |       |       |       |     1 |     7 ||     8
 Invoke: Heroism           |       |       |       |       |     3 ||     3
         Finesse           |       |       |       |       |     2 ||     2
         Duel              |       |       |       |       |     1 ||     1
  Evoke: Wand              |       |       |       |     3 |     1 ||     4
         Condenser vane    |       |       |       |       |     2 ||     2
         Phial of floods   |       |       |       |       |     1 ||     1
    Use: Scroll            |       |       |       |     9 |    15 ||    24
         Potion            |       |       |       |       |     2 ||     2
   Stab: Sleeping          |    18 |    10 |       |       |       ||    28
 Armour: Leather armour    |     8 |    47 |    38 |       |       ||    93
         Steam dragon scal |       |       |       |    39 |       ||    39
         Troll leather arm |       |       |       |    47 |   221 ||   268
  Dodge: Dodged            |     7 |    28 |    15 |    52 |   275 ||   377
         Repelled          |       |     1 |       |       |     6 ||     7
  Block: Buckler           |     1 |     8 |     9 |    57 |   163 ||   238

Table legend: (Time is in decaauts)
 A = Elapsed time spent in this place.
 B = Non-inter-level travel time spent in this place.
 C = Inter-level travel time spent in this place.
 D = Time resting spent in this place.
 E = Time spent auto-exploring this place.
 F = Levels seen in this place.
 G = Mean time per level.
                   A        B        C        D        E       F      G
               +--------+--------+--------+--------+--------+-----+--------+
         Total |  16133 |  14988 |   1145 |    635 |  11088 |  23 |  701.4 |
       Dungeon |   9622 |   8798 |    824 |    219 |   7006 |  13 |  740.2 |
          Lair |   4470 |   4244 |    226 |     94 |   3139 |   5 |  894.0 |
  Orcish Mines |   1479 |   1385 |     94 |    197 |    767 |   2 |  739.5 |
        Bailey |    181 |    181 |      0 |     12 |     42 |   1 |  181.0 |
      Gauntlet |    357 |    357 |      0 |    103 |    133 |   1 |  357.0 |
         Arena |     22 |     22 |      0 |      9 |      0 |   1 |   22.0 |
               +--------+--------+--------+--------+--------+-----+--------+

Top non-repeatable levels by time:
     D:9: 1195 daAuts
  Lair:5: 1195 daAuts
     D:7: 973 daAuts
    D:10: 941 daAuts
  Lair:2: 913 daAuts
     D:2: 898 daAuts
   Orc:2: 890 daAuts
     D:5: 870 daAuts
  Lair:3: 857 daAuts
     D:4: 808 daAuts
  Lair:4: 769 daAuts
     D:3: 744 daAuts
  Lair:1: 734 daAuts
    D:12: 695 daAuts
     D:1: 689 daAuts
